| TOP OF THE 1ST |
|
Lake County Captains batting - Pitching for Delmarva Shorebirds : LHP Ryan Watkins
|
|
Pitching: LHP Ryan Watkins
|
|
|
Batting: RHB Juan Ordonez
|
0-0: Swinging Strike 0-1: Swinging Strike 0-2: Ball 1-2: Ball 2-2: Strikes out looking
|
|
Batting: RHB Steve Gusman
|
0-0: Foul Ball, location: 2F 0-1: Foul Ball, location: 2F 0-2: Ball 1-2: Strikes out swinging
|
|
Batting: RHB Carlos Abrego
|
0-0: Ball 1-0: Fly out, F8 (Flyball, 8RXD, EV 101.9 MPH)
|
| Top of the 1st over - 0 runs, 0 hits, 0 errors, 0 left on base; Lake County 0 - Delmarva 0 |
| BOTTOM OF THE 1ST |
|
Delmarva Shorebirds batting - Pitching for Lake County Captains : RHP Tom Frost
|
|
Pitching: RHP Tom Frost
|
|
|
Batting: RHB Josh Hopp
|
0-0: Ball 1-0: Bunted foul 1-1: Foul Ball, location: 2F 1-2: Ball 2-2: Ground out U3 (Groundball, 34, EV 101.2 MPH)
|
|
Batting: LHB Sam Williams
|
0-0: Ball 1-0: Fly out, F7 (Line Drive, 78S, EV 91.2 MPH)
|
|
Batting: RHB Ken Manser
|
0-0: Called Strike 0-1: Foul Ball, location: 2F 0-2: Strikes out swinging
|
| Bottom of the 1st over - 0 runs, 0 hits, 0 errors, 0 left on base; Lake County 0 - Delmarva 0 |
| TOP OF THE 2ND |
|
Lake County Captains batting - Pitching for Delmarva Shorebirds : LHP Ryan Watkins
|
|
Batting: LHB Esteban Cordova
|
0-0: Ball 1-0: Foul Ball, location: 2F 1-1: Ground out 4-3 (Groundball, 34D, EV 97.5 MPH)
|
|
Batting: RHB Josh Patterson
|
0-0: Ball 1-0: Ball 2-0: SINGLE (Line Drive, 8LS, EV 104.4 MPH)
|
|
Batting: RHB Willie Gonzales
|
0-0: Ball 1-0: Ball 2-0: Ball 3-0: Called Strike 3-1: Base on Balls Josh Patterson to second
|
|
Batting: RHB Jose Valtierra
|
0-0: Ball 1-0: Ball 2-0: Foul Ball, location: 2F 2-1: DOUBLE (Flyball, 8LXD, EV 92.5 MPH) Josh Patterson scores Willie Gonzales to third
|
|
Batting: RHB Carlos Salazar
|
0-0: Ball 1-0: Called Strike 1-1: Foul Ball, location: 2F 1-2: Ball 2-2: Fly out, F7 (Line Drive, 78D, EV 92.5 MPH) Runner from 3rd tags up, SCORES, no throw by LF
|
|
Batting: RHB Jeremy Givens
|
0-0: DOUBLE (Flyball, 89D, EV 95.0 MPH) Jose Valtierra scores
|
|
Batting: RHB Juan Ordonez
|
0-0: Called Strike 0-1: Foul Ball, location: 2F 0-2: Ball 1-2: Ball 2-2: SINGLE (Groundball, 6MD, EV 86.2 MPH) (infield hit) Jeremy Givens to third
|
|
Batting: RHB Steve Gusman
|
0-0: Ball 1-0: Ball 2-0: Ball 3-0: Called Strike 3-1: Called Strike 3-2: Strikes out swinging
|
| Top of the 2nd over - 3 runs, 4 hits, 0 errors, 2 left on base; Lake County 3 - Delmarva 0 |
| BOTTOM OF THE 2ND |
|
Delmarva Shorebirds batting - Pitching for Lake County Captains : RHP Tom Frost
|
|
Batting: SHB Carlos Carrillo
|
0-0: Ball 1-0: Called Strike 1-1: Ball 2-1: Foul Ball, location: 2F 2-2: DOUBLE (Flyball, 8LXD, EV 103.8 MPH)
|
|
Batting: RHB C.J. Wells
|
0-0: Ball 1-0: Fly out, F8 (Flyball, 8LM, EV 93.8 MPH) Lined into DP, 8-4 (Flyball, 8LM, EV 93.8 MPH)
|
|
Batting: LHB Vinny Rivera
|
0-0: Called Strike 0-1: Ball 1-1: Ball 2-1: Fly out, F5 (Line Drive, 5L, EV 66.2 MPH)
|
| Bottom of the 2nd over - 0 runs, 1 hit, 0 errors, 0 left on base; Lake County 3 - Delmarva 0 |
| TOP OF THE 3RD |
|
Lake County Captains batting - Pitching for Delmarva Shorebirds : LHP Ryan Watkins
|
|
Batting: RHB Carlos Abrego
|
0-0: Ball 1-0: Called Strike 1-1: Swinging Strike 1-2: Ball 2-2: Strikes out swinging
|
|
Batting: LHB Esteban Cordova
|
0-0: Foul Ball, location: 2F 0-1: Foul Ball, location: 2F 0-2: Strikes out swinging
|
|
Batting: RHB Josh Patterson
|
0-0: Ball 1-0: Reached on error, E6 (Groundball, 6, EV 85.6 MPH)
|
|
Batting: RHB Willie Gonzales
|
0-0: Ball 1-0: SINGLE (Groundball, 56D, EV 100.0 MPH) Josh Patterson to third Runner from 3rd tries for Home, SAFE, throw by LF to home
|
|
Batting: RHB Jose Valtierra
|
0-0: Fielders Choice at 2nd, U4 (Groundball, 4M, EV 88.1 MPH)
|
| Top of the 3rd over - 1 run, 1 hit, 1 error, 1 left on base; Lake County 4 - Delmarva 0 |
| BOTTOM OF THE 3RD |
|
Delmarva Shorebirds batting - Pitching for Lake County Captains : RHP Tom Frost
|
|
Batting: SHB Eric Kelley
|
0-0: Called Strike 0-1: Called Strike 0-2: SINGLE (Groundball, 56D, EV 104.4 MPH)
|
|
Batting: RHB Carlos Teniente
|
0-0: Ball 1-0: Called Strike 1-1: Foul Ball, location: 2F 1-2: Ball 2-2: Fly out, F9 (Flyball, 9LMF, EV 88.1 MPH)
|
|
Batting: RHB Ruben Domingues
|
0-0: Ball 1-0: Ball Eric Kelley steals 2nd base (no throw) 2-0: Foul Ball, location: 2F 2-1: Foul Ball, location: 2F 2-2: Strikes out swinging
|
|
Batting: RHB Josh Hopp
|
0-0: Foul Ball, location: 2F 0-1: Called Strike 0-2: Ball Passed Ball! Eric Kelley to third 1-2: Foul Ball, location: 2F 1-2: Fly out, F7 (Flyball, 78S, EV 97.5 MPH)
|
| Bottom of the 3rd over - 0 runs, 1 hit, 0 errors, 1 left on base; Lake County 4 - Delmarva 0 |
| TOP OF THE 4TH |
|
Lake County Captains batting - Pitching for Delmarva Shorebirds : LHP Ryan Watkins
|
|
Batting: RHB Carlos Salazar
|
0-0: Ball 1-0: Ball 2-0: Called Strike 2-1: DOUBLE (Line Drive, 9LM, EV 108.1 MPH)
|
|
Batting: RHB Jeremy Givens
|
0-0: Ground out 6-3 (Groundball, 56, EV 105.0 MPH)
|
|
Batting: RHB Juan Ordonez
|
0-0: Ball 1-0: Foul Ball, location: 2F 1-1: Ball 2-1: Ball 3-1: Swinging Strike 3-2: Strikes out swinging
|
|
Batting: RHB Steve Gusman
|
0-0: Ball 1-0: Ball 2-0: Called Strike 2-1: Ground out 4-3 (Groundball, 4, EV 85.6 MPH)
|
| Top of the 4th over - 0 runs, 1 hit, 0 errors, 1 left on base; Lake County 4 - Delmarva 0 |
| BOTTOM OF THE 4TH |
|
Delmarva Shorebirds batting - Pitching for Lake County Captains : RHP Tom Frost
|
|
Batting: LHB Sam Williams
|
0-0: Foul Ball, location: 2F 0-1: Called Strike 0-2: Foul Ball, location: 2F 0-2: Fly out, F7 (Flyball, 7D, EV 95.6 MPH)
|
|
Batting: RHB Ken Manser
|
0-0: Ball 1-0: Called Strike 1-1: Ball 2-1: Foul Ball, location: 2F 2-2: Ball 3-2: Fly out, F9 (Line Drive, 89M, EV 100.6 MPH)
|
|
Batting: SHB Carlos Carrillo
|
0-0: SINGLE (Line Drive, 5D, EV 99.4 MPH)
|
|
Batting: RHB C.J. Wells
|
0-0: Ball 1-0: Ball 2-0: Called Strike 2-1: Swinging Strike 2-2: Ball 3-2: Strikes out looking
|
| Bottom of the 4th over - 0 runs, 1 hit, 0 errors, 1 left on base; Lake County 4 - Delmarva 0 |
| TOP OF THE 5TH |
|
Lake County Captains batting - Pitching for Delmarva Shorebirds : LHP Ryan Watkins
|
|
Batting: RHB Carlos Abrego
|
0-0: Fly out, F8 (Flyball, 8RM, EV 86.2 MPH)
|
|
Batting: LHB Esteban Cordova
|
0-0: Ball 1-0: Foul Ball, location: 2F 1-1: Called Strike 1-2: Ball 2-2: Ground out 6-3 (Groundball, 4MS, EV 86.9 MPH)
|
|
Batting: RHB Josh Patterson
|
0-0: Called Strike 0-1: Ball 1-1: Ball 2-1: SINGLE (Line Drive, 34D, EV 100.0 MPH)
|
|
Batting: RHB Willie Gonzales
|
0-0: Ball 1-0: SINGLE (Groundball, 4MD, EV 98.1 MPH) Josh Patterson to second
|
|
Batting: RHB Jose Valtierra
|
0-0: Foul Ball, location: 2F 0-1: Foul Ball, location: 2F 0-2: Ball 1-2: Foul Ball, location: 2F 1-2: Hit by Pitch Josh Patterson to third Willie Gonzales to second
|
|
Batting: RHB Carlos Salazar
|
0-0: Ball 1-0: Swinging Strike 1-1: SINGLE (Groundball, 6MD, EV 99.4 MPH) Josh Patterson scores Willie Gonzales to third Jose Valtierra to second Runner from 3rd tries for Home, SAFE, throw by CF to home
|
|
Pitching: RHP Brent Widder
|
|
|
Batting: RHB Jeremy Givens
|
0-0: Foul Ball, location: 2F 0-1: Foul Ball, location: 2F 0-2: Ball 1-2: Ball 2-2: Strikes out swinging
|
| Top of the 5th over - 2 runs, 3 hits, 0 errors, 2 left on base; Lake County 6 - Delmarva 0 |
| BOTTOM OF THE 5TH |
|
Delmarva Shorebirds batting - Pitching for Lake County Captains : RHP Tom Frost
|
|
Batting: LHB Vinny Rivera
|
0-0: Foul Ball, location: 2F 0-1: Called Strike 0-2: Ground out U3 (Groundball, 3, EV 81.2 MPH)
|
|
Batting: SHB Eric Kelley
|
0-0: Called Strike 0-1: Foul Ball, location: 2F 0-2: Ball 1-2: Ground out U3 (Groundball, 3S, EV 83.8 MPH)
|
|
Batting: RHB Carlos Teniente
|
0-0: Ball 1-0: SINGLE (Groundball, 56, EV 106.9 MPH)
|
|
Batting: RHB Ruben Domingues
|
0-0: Called Strike 0-1: Foul Ball, location: 2F 0-2: Ball Carlos Teniente steals 2nd base 1-2: Strikes out swinging
|
| Bottom of the 5th over - 0 runs, 1 hit, 0 errors, 1 left on base; Lake County 6 - Delmarva 0 |
| TOP OF THE 6TH |
|
Lake County Captains batting - Pitching for Delmarva Shorebirds : RHP Brent Widder
|
|
Batting: RHB Juan Ordonez
|
0-0: Ground out 6-3 (Groundball, P, EV 86.9 MPH)
|
|
Batting: RHB Steve Gusman
|
0-0: Ball 1-0: Ground out 5-3 (Groundball, 56S, EV 81.2 MPH)
|
|
Batting: RHB Carlos Abrego
|
0-0: Called Strike 0-1: Foul Ball, location: 2F 0-2: Ball 1-2: Strikes out swinging
|
| Top of the 6th over - 0 runs, 0 hits, 0 errors, 0 left on base; Lake County 6 - Delmarva 0 |
| BOTTOM OF THE 6TH |
|
Delmarva Shorebirds batting - Pitching for Lake County Captains : RHP Tom Frost
|
|
Batting: RHB Josh Hopp
|
0-0: Ball 1-0: Ball 2-0: Ball 3-0: Called Strike 3-1: Foul Ball, location: 2F 3-2: SINGLE (Groundball, 6M, EV 86.9 MPH) (infield hit)
|
|
Batting: LHB Sam Williams
|
0-0: Ball Josh Hopp steals 2nd, throwing error, E2 Josh Hopp to third 1-0: Ball 2-0: Called Strike 2-1: Called Strike 2-2: DOUBLE (Line Drive, 3D, EV 96.2 MPH) Josh Hopp scores
|
|
Batting: RHB Ken Manser
|
0-0: Ball 1-0: Swinging Strike 1-1: Ball 2-1: Ball 3-1: Base on Balls
|
|
Batting: SHB Carlos Carrillo
|
0-0: Ball 1-0: Ball 2-0: Ball 3-0: Called Strike 3-1: Foul Ball, location: 2F 3-2: Base on Balls Sam Williams to third Ken Manser to second
|
|
Batting: RHB C.J. Wells
|
0-0: Ball 1-0: Foul Ball, location: 2F 1-1: Ball 2-1: Foul Ball, location: 2F 2-2: Strikes out swinging
|
|
Batting: LHB Vinny Rivera
|
0-0: Ball 1-0: Called Strike 1-1: Foul Ball, location: 2F 1-2: Ball 2-2: Foul Ball, location: 2F 2-2: Ball 3-2: Foul Ball, location: 2F 3-2: Fly out, F8 (Line Drive, 8RM, EV 96.2 MPH)
|
|
Pitching: RHP Steven Costanza
|
|
|
Batting: SHB Eric Kelley
|
0-0: Ball 1-0: Called Strike 1-1: Swinging Strike 1-2: Ball 2-2: Strikes out swinging
|
| Bottom of the 6th over - 1 run, 2 hits, 1 error, 3 left on base; Lake County 6 - Delmarva 1 |
| TOP OF THE 7TH |
|
Lake County Captains batting - Pitching for Delmarva Shorebirds : RHP Brent Widder
|
|
Batting: LHB Esteban Cordova
|
0-0: Ball 1-0: Ground out U3 (Groundball, 34S, EV 84.4 MPH)
|
|
Batting: RHB Josh Patterson
|
0-0: Foul Ball, location: 2F 0-1: Foul Ball, location: 2F 0-2: Ball 1-2: Foul Ball, location: 2F 1-2: Ground out 6-3 (Groundball, 6, EV 97.5 MPH)
|
|
Batting: RHB Willie Gonzales
|
0-0: Swinging Strike 0-1: Foul Ball, location: 2F 0-2: Ball 1-2: Strikes out swinging
|
| Top of the 7th over - 0 runs, 0 hits, 0 errors, 0 left on base; Lake County 6 - Delmarva 1 |
| BOTTOM OF THE 7TH |
|
Delmarva Shorebirds batting - Pitching for Lake County Captains : RHP Steven Costanza
|
|
Batting: RHB Carlos Teniente
|
0-0: Foul Ball, location: 2F 0-1: Ball 1-1: Swinging Strike 1-2: Ball 2-2: Ground out 3-1 (Groundball, 34, EV 88.1 MPH)
|
|
Batting: RHB Ruben Domingues
|
0-0: Called Strike 0-1: Called Strike 0-2: Strikes out swinging
|
|
Batting: RHB Josh Hopp
|
0-0: Ball 1-0: Foul Ball, location: 2F 1-1: Ground out 4-3 (Groundball, 34, EV 103.1 MPH)
|
| Bottom of the 7th over - 0 runs, 0 hits, 0 errors, 0 left on base; Lake County 6 - Delmarva 1 |
| TOP OF THE 8TH |
|
Lake County Captains batting - Pitching for Delmarva Shorebirds : RHP Brent Widder
|
|
Batting: RHB Jose Valtierra
|
0-0: Foul Ball, location: 2F 0-1: Ball 1-1: Ball 2-1: Swinging Strike 2-2: Fly out, F7 (Flyball, 7, EV 78.1 MPH)
|
|
Batting: RHB Carlos Salazar
|
0-0: Ball 1-0: Called Strike 1-1: Called Strike 1-2: Strikes out swinging
|
|
Batting: RHB Jeremy Givens
|
0-0: Ball 1-0: Ground out 4-3 (Groundball, 4, EV 83.1 MPH)
|
| Top of the 8th over - 0 runs, 0 hits, 0 errors, 0 left on base; Lake County 6 - Delmarva 1 |
| BOTTOM OF THE 8TH |
|
Delmarva Shorebirds batting - Pitching for Lake County Captains : RHP Steven Costanza
|
|
Batting: LHB Sam Williams
|
0-0: Foul Ball, location: 2F 0-1: Ball 1-1: Ball 2-1: Called Strike 2-2: Ball 3-2: Strikes out looking
|
|
Batting: RHB Ken Manser
|
0-0: Ball 1-0: Ground out 5-3 (Groundball, 56, EV 92.5 MPH)
|
|
Batting: SHB Carlos Carrillo
|
0-0: Called Strike 0-1: Ball 1-1: Swinging Strike 1-2: Ball 2-2: Foul Ball, location: 2F 2-2: Strikes out swinging
|
| Bottom of the 8th over - 0 runs, 0 hits, 0 errors, 0 left on base; Lake County 6 - Delmarva 1 |
| TOP OF THE 9TH |
|
Lake County Captains batting - Pitching for Delmarva Shorebirds : RHP Brent Widder
|
|
Batting: RHB Juan Ordonez
|
0-0: Ball 1-0: Foul Ball, location: 2F 1-1: Ground out 4-3 (Groundball, 4, EV 91.9 MPH)
|
|
Batting: RHB Steve Gusman
|
0-0: Ball 1-0: SINGLE (Groundball, 6, EV 98.8 MPH)
|
|
Batting: RHB Carlos Abrego
|
0-0: Foul Ball, location: 2F 0-1: Foul Ball, location: 2F 0-2: Reached on error, E6 (Groundball, 6, EV 112.5 MPH) Steve Gusman to second
|
|
Batting: LHB Esteban Cordova
|
0-0: Called Strike 0-1: Ball 1-1: Ball 2-1: Called Strike 2-2: Fly out, F6 (Line Drive, 6, EV 67.5 MPH)
|
|
Pitching: RHP Zhao-jun Zong
|
|
|
Batting: RHB Josh Patterson
|
0-0: Foul Ball, location: 2F 0-1: Foul Ball, location: 2F 0-2: Strikes out swinging
|
| Top of the 9th over - 0 runs, 1 hit, 1 error, 2 left on base; Lake County 6 - Delmarva 1 |
| BOTTOM OF THE 9TH |
|
Delmarva Shorebirds batting - Pitching for Lake County Captains : RHP Steven Costanza
|
|
Batting: RHB C.J. Wells
|
0-0: Foul Ball, location: 2F 0-1: Foul Ball, location: 2F 0-2: Ball 1-2: Strikes out swinging, 2-3 out at first.
|
|
Batting: LHB Vinny Rivera
|
0-0: Ball 1-0: Ball 2-0: SINGLE (Groundball, 34D, EV 96.2 MPH)
|
|
Batting: SHB Eric Kelley
|
0-0: Ball 1-0: Called Strike 1-1: Called Strike 1-2: Ball 2-2: Foul Ball, location: 2F 2-2: Foul Ball, location: 2F 2-2: Strikes out swinging
|
|
Batting: RHB Carlos Teniente
|
0-0: Foul Ball, location: 2F 0-1: SINGLE (Groundball, 4D, EV 105.6 MPH) Vinny Rivera to second
|
|
Batting: RHB Ruben Domingues
|
0-0: Ball 1-0: Swinging Strike 1-1: Ball 2-1: Swinging Strike 2-2: Ball 3-2: Strikes out swinging
|
| Bottom of the 9th over - 0 runs, 2 hits, 0 errors, 2 left on base; Lake County 6 - Delmarva 1 |
|